 Dungeon Sprint DCSS version 0.20.1-1-g8b1a95d (webtiles) character file.

266 wojtek the Basher (level 6, -2/61 HPs)
             Began as a Minotaur Fighter on Dec 30, 2017.
             Slain by a slime creature (13 damage)
             ... in the Dungeon (Sprint I: "Red Sonja").
             The game lasted 00:00:29 (272 turns).

wojtek the Basher (Minotaur Fighter)                 Turns: 272, Time: 00:00:30

Health: -2/61      AC:  8    Str: 23    XL:     6   Next: 0%
Magic:  5/5        EV: 10    Int:  5    God:
Gold:   162        SH:  9    Dex:  9    Spells: 5/5 levels left

rFire    . . .     SeeInvis .   a - +0 flail
rCold    . . .     Gourm    .   c - +0 shield
rNeg     . . .     Faith    .   b - +0 scale mail
rPois    .         Spirit   .   (helmet restricted)
rElec    .         Reflect  .   (no cloak)
rCorr    .         Harm     .   (no gloves)
MR       .....     NoTele   +   (no boots)
Stlth    ..........             (no amulet)
Regen    0.2/turn               (no ring)
MPRegen  0.1/turn               (no ring)

@: no status effects
A: retaliatory headbutt, horns 2
a: no special abilities


You were in the Dungeon.
You were not hungry.

You visited 1 branch You collected 162 gold pieces.

Inventory:

Hand Weapons
 a - a +0 flail (weapon)
Armour
 b - a +0 scale mail (worn)
 c - a +0 shield (worn)
Scrolls
 k - a scroll of blinking
Potions
 d - a potion of might
 e - a potion of curing
 g - a potion of heal wounds
 h - a potion of haste
 i - 2 potions of magic
 j - a potion of berserk rage
Comestibles
 f - a bread ration
 l - 4 chunks of flesh


   Skills:
 + Level 7.7 Fighting
 * Level 9.9 Maces & Flails
 + Level 7.7 Armour
 + Level 5.2 Dodging
 + Level 3.6 Shields


You had 5 spell levels left.
You didn't know any spells.

Dungeon Overview and Level Annotations

Branches:
Dungeon (1/1)

Altars:
Makhleb
Xom
Jiyva
Lugonu


Innate Abilities, Weirdness & Mutations

You reflexively headbutt those who attack you in melee.
You have a pair of horns on your head.


Message History

The slime creature hits you!
There is an open door here.
You hit the slime creature.
The slime creature is lightly wounded.
The slime creature hits you but does no damage.
Your shield prevents you from hitting the slime creature.
You headbutt the slime creature!
The slime creature is moderately wounded.
The slime creature hits you!
You hit the slime creature. You headbutt the slime creature.
The slime creature is moderately wounded.
The slime creature hits you.
You thump the slime creature!
The slime creature is moderately wounded.
The slime creature hits you!
* * * LOW HITPOINT WARNING * * *
You hit the slime creature.
The slime creature is heavily wounded.
The slime creature hits you!
You die...

###################
#<.#..').#..'..#__#
#..').#..').#..@J.+
#..#####'#####+#__#
#..# #..# ### #..#
#### #..# #⌠⌠# ####


You could see a slime creature.

Vanquished Creatures
  Sigmund (D)
  An ogre (D)
  Ijyb (D)
3 creatures vanquished.

Notes
Turn   | Place    | Note
-------+----------+-------------------------------------------
     0 | D        | wojtek the Minotaur Fighter began the quest for the Orb.
     0 | D        | Reached XP level 1. HP: 19/19 MP: 0/0
     1 | D        | Noticed Ijyb
    11 | D        | Killed Ijyb
    11 | D        | Reached skill level 5 in Maces & Flails
    11 | D        | Reached XP level 2. HP: 23/28 MP: 1/1
    64 | D        | Noticed an ogre
    68 | D        | Killed an ogre
    68 | D        | Reached skill level 7 in Maces & Flails
    68 | D        | Reached XP level 3. HP: 19/37 MP: 2/2
    68 | D        | Reached XP level 4. HP: 22/44 MP: 3/3
   220 | D        | Noticed Sigmund
   229 | D        | Killed Sigmund
   229 | D        | Reached skill level 9 in Maces & Flails
   229 | D        | Reached skill level 5 in Dodging
   229 | D        | Reached XP level 5. HP: 42/53 MP: 4/4
   229 | D        | Reached XP level 6. HP: 49/61 MP: 5/5
   266 | D        | Found a burning altar of Makhleb.
   266 | D        | Found a viscous altar of Jiyva.
   266 | D        | Found a shimmering altar of Xom.
   266 | D        | Found a corrupted altar of Lugonu.
   266 | D        | Noticed a slime creature
   272 | D        | Slain by a slime creature

Skill      XL: |  1  2  3  4 |
---------------+-------------+-----
Fighting       | 4 6 7 |  7.7
Maces & Flails | 5 7 9 |  9.9
Armour         | 4 6 7 |  7.7
Dodging        | 3 5 |  5.2
Shields        | |  3.6

Action                   |  1- 3 |  4- 6 || total
-------------------------+-------+-------++-------
Melee: Flail             |    13 |    13 ||    26
       Headbutt          |     3 |     4 ||     7
Armor: Scale mail        |     2 |     2 ||     4
Dodge: Dodged            |     6 |     1 ||     7
Block: Shield            |     2 |     1 ||     3
